 Dungeon Crawl Stone Soup version 0.16.1-30-g34a7ffa (webtiles) character file.

1655 Jb9000 the Shield-Bearer (level 8, 58/61 HPs)
             Began as a Demonspawn Fighter on June 18, 2015.
             Was a Follower of Okawaru.
             Drowned
             ... on level 5 of the Dungeon.
             The game lasted 00:47:17 (7677 turns).

Jb9000 the Shield-Bearer (Demonspawn Fighter)       Turns: 7677, Time: 00:47:17

Health: 58/61      AC: 13    Str: 21    XL:     8   Next: 68%
Magic:  8/8        EV:  8    Int:  9    God:    Okawaru [*.....]
Gold:   334        SH: 15    Dex: 15    Spells: 0 memorised, 7 levels left

rFire  . . .     SeeInvis .     a - +1 long sword
rCold  . . .     Clarity  .     b - +1 scale mail
rNeg   . . .     SustAb   .     x - +0 large shield
rPois  .         Gourm    .     D - +2 hat
rElec  .         Spirit   .     (no cloak)
rCorr  .         Warding  .     r - +1 pair of gloves
rMut   .         Stasis   .     (no boots)
MR     .....                    v - amulet of faith
Stlth  ..........               f - ring of flight
                                q - +4 ring of strength

@: not resistant to hostile enchantments, extremely unstealthy
A: hooves 1, icy blue scales 1, powered by death 2
a: Heroism, Renounce Religion, Evoke Flight


You were on level 5 of the Dungeon.
You worshipped Okawaru.
Okawaru was aware of your devotion.
You were not hungry.

You visited 1 branch of the dungeon, and saw 5 of its levels.

You collected 334 gold pieces.

Inventory:

Hand weapons
 a - a +1 long sword (weapon)
 e - a +0 scythe
 h - a +0 rapier
 o - a +0 hunting sling
 s - a +1 dagger of speed
 w - a +0 vampiric short sword
 y - a +0 hunting sling
 A - a +1 flail of draining
 B - a +0 falchion
 E - a +0 hand axe of flaming
 J - a +0 flail of protection
Missiles
 k - 49 poisoned needles (quivered)
 n - 29 bolts
 p - 12 arrows of dispersal
 F - 8 sling bullets
 G - a throwing net
 H - 16 arrows
Armour
 b - a +1 scale mail (worn)
 c - a +0 shield
 i - a +2 robe
 j - a +0 chain mail
 l - a +0 buckler
 r - a +1 pair of gloves (worn)
 x - a +0 large shield (worn)
 D - a +2 hat (worn)
Jewellery
 f - a ring of flight (right hand)
 q - a +4 ring of strength (left hand)
 v - an amulet of faith (around neck)
Scrolls
 t - 2 scrolls of remove curse
 u - a scroll of identify
 I - a scroll of recharging
Potions
 g - a potion of brilliance
 m - a potion of cancellation
 z - a potion of curing
 C - a potion of invisibility {unknown}
Comestibles
 d - 2 bread rations


   Skills:
 + Level 4.9 Fighting
 + Level 4.1 Long Blades
 + Level 1.9 Slings
 + Level 5.0 Armour
 + Level 4.1 Dodging
 + Level 1.2 Stealth
 + Level 6.1 Shields
 + Level 0.3 Invocations


You had 7 spell levels left.
You didn't know any spells.

Dungeon Overview and Level Annotations

Branches:
Dungeon (5/15)
 Temple: D:4-7

Altars:
Elyvilon
Fedhas
Makhleb
Okawaru
Xom

Annotations:
D:3 Scuka's ghost, average GrFi


Innate Abilities, Weirdness & Mutations

You have large cloven feet.
You are partially covered in icy blue scales (AC +1).
You can steal the life force of defeated enemies.


Message History

You kill the orc priest!
Okawaru accepts your kill.
Things that are here:
a flail of protection; a leather armour
J - a flail of protection
There is an open door here.
You start resting.
You are feeling hungry.
Eat which item? (? for menu, Esc to quit)
You continue eating. x2
You finish eating.
That bread ration really hit the spot!
That item cannot be evoked!
You aren't carrying any items that can be evoked without being wielded.
Use which ability? (? or * to list)
You feel very buoyant.
You fly up into the air.
You feel somewhat more hungry.
Careful!
You are starting to lose your buoyancy.
You float gracefully downwards.
You fall into the water!
You sink like a stone!
You drown...
You die...

######### ########≈≈≈≈≈≈≈≈≈
####≈≈≈≈≈≈≈@≈≈≈≈≈≈≈≈
##≈≈≈≈#####≈≈≈≈≈≈≈≈≈≈
#≈≈≈≈≈#...########## ########
#≈≈≈≈≈#...#......## ##.....#.
##≈≈≈≈≈#...#.......###......'.
#≈≈≈≈≈≈##'##........#.......##
#≈≈≈≈≈≈≈#.......)..)#).......)
#≈≈≈≈≈≈≈#....).....)()........
##≈≈≈≈≈≈≈#..........(#)......).


There were no monsters in sight!

Vanquished Creatures
  Prince Ribbit (D:5)
  Eustachio (D:5)
  A phantom (D:5)
  An ogre (D:4)
  Sigmund (D:2)
  5 big kobolds (D:5)
  4 scorpions
  A quasit (D:5)
  A goliath beetle (D:5)
  An iguana (D:4)
  2 orc priests (D:5)
  2 hounds (D:4)
  Natasha (thrice) (D:3)
  2 worker ants
  4 adders
  5 gnolls (D:5)
  2 river rats (D:5)
  A giant mite (D:1)
  3 worms
  5 giant geckos
  8 orcs
  16 bats
  5 giant cockroaches
  20 goblins
  15 hobgoblins
  3 jackals (D:3)
  A quokka (D:3)
  A ball python (D:2)
  6 giant newts
  51 kobolds
  13 rats
185 creatures vanquished.

Notes
Turn   | Place    | Note
--------------------------------------------------------------
     0 | D:1      | Jb9000, the Demonspawn Fighter, began the quest for the Orb.
     0 | D:1      | Reached XP level 1. HP: 18/18 MP: 1/1
   130 | D:1      | Gained mutation: You can steal the life force of nearby defeated enemies. [demonic ancestry]
   130 | D:1      | Reached XP level 2. HP: 20/24 MP: 2/2
   537 | D:1      | Reached XP level 3. HP: 29/29 MP: 3/3
  1115 | D:2      | Gained mutation: You have large cloven feet. [demonic ancestry]
  1115 | D:2      | Reached XP level 4. HP: 33/37 MP: 4/4
  1276 | D:2      | Noticed Sigmund
  1305 | D:2      | Killed Sigmund
  1305 | D:2      | Reached skill level 1 in Dodging
  1305 | D:2      | Reached XP level 5. HP: 22/42 MP: 5/5
  1810 | D:3      | Noticed Scuka's ghost (average GrFi)
  2194 | D:3      | Found an iron altar of Okawaru.
  2195 | D:3      | Noticed Natasha
  2203 | D:3      | Killed Natasha
  2291 | D:3      | Became a worshipper of Warmaster Okawaru
  2456 | D:3      | Reached skill level 4 in Fighting
  2572 | D:3      | Noticed Natasha
  2580 | D:3      | Killed Natasha
  2961 | D:3      | Noticed Natasha
  2966 | D:3      | Killed Natasha
  3690 | D:4      | Gained mutation: You can steal the life force of defeated enemies. [demonic ancestry]
  3690 | D:4      | Reached XP level 6. HP: 48/48 MP: 6/6
  3843 | D:4      | Noticed an ogre
  3852 | D:4      | Killed an ogre
  4319 | D:4      | Found a blossoming altar of Fedhas.
  5003 | D:4      | Found a shimmering altar of Xom.
  5003 | D:4      | Found a burning altar of Makhleb.
  5628 | D:5      | Entered Level 5 of the Dungeon
  5664 | D:5      | Reached XP level 7. HP: 50/55 MP: 7/7
  5835 | D:5      | Found a white marble altar of Elyvilon.
  5940 | D:5      | Noticed Prince Ribbit
  6262 | D:5      | Reached skill level 1 in Slings
  6262 | D:5      | Reached skill level 1 in Stealth
  6288 | D:5      | Killed Prince Ribbit
  6288 | D:5      | Acquired Okawaru's first power
  6288 | D:5      | Reached skill level 5 in Shields
  6288 | D:5      | Gained mutation: You are partially covered in icy blue scales (AC +1). [demonic ancestry]
  6288 | D:5      | Reached XP level 8. HP: 42/61 MP: 8/8
  7240 | D:5      | Noticed Eustachio
  7312 | D:5      | Killed Eustachio
  7312 | D:5      | Reached skill level 6 in Shields
  7579 | D:5      | Reached skill level 5 in Armour
  7677 | D:5      | Drowned

Action                   |  1- 3 |  4- 6 |  7- 9 || total
-------------------------+-------+-------+-------++-------
Melee: Long sword        |   136 |   274 |   382 ||   792
       Dagger            |       |    32 |       ||    32
 Fire: Hunting sling     |     1 |    21 |    34 ||    56
Invok: Heroism           |       |       |     1 ||     1
 Abil: Evoke Flight      |       |       |     1 ||     1
  Use: Scroll            |     6 |     8 |       ||    14
       Potion            |       |     9 |     1 ||    10
  Eat: Chunk             |     1 |     7 |     2 ||    10
       Meat ration       |       |     1 |       ||     1
       Pizza             |       |     1 |     1 ||     2
       Beef jerky        |       |     1 |       ||     1
       Fruit             |       |       |     4 ||     4
       Bread ration      |       |       |     1 ||     1
